 Dungeon Crawl Stone Soup version 0.31-a0-430-gf8416d752b (webtiles) character file.

Game seed: 6470517235732141848

3085 Gargoyl the Cleaver (level 9, -5/56 HPs)
             Began as a Gargoyle Berserker on July 31, 2023.
             Was a Priest of Trog.
             Slain by an orc warrior
             ... wielding a +2 heavy glaive
              (14 damage)
             ... on level 8 of the Dungeon.
             The game lasted 00:09:26 (5131 turns).

Gargoyl the Cleaver (Gargoyle Berserker)            Turns: 5131, Time: 00:09:26

Health: -5/56      AC: 25    Str: 22    XL:     9   Next: 89%
Magic:  9/9        EV:  7    Int:  7    God:    Trog [***...]
Gold:   84         SH:  4    Dex: 13    Spells: 8/8 levels left

rFire   . . .        p - +2 war axe (heavy)
rCold   . . .        m - +0 buckler
rNeg    + + .        z - +1 plate armour {rN+}
rPois   ∞            l - +0 helmet
rElec   +            q - +0 cloak
rCorr   .            (no gloves)
SInv    .            k - +1 pair of boots
Will    .....        (no amulet) Stlth
                     (no ring)
HPRegen 0.29/turn    (no ring)
MPRegen 0.11/turn

%: no passive effects
@: no status effects
A: sickness immunity, AC +6, negative energy resistance 1, electricity
resistance, torment resistance 1, petrification resistance
a: Renounce Religion, Berserk, Trog's Hand


You were on level 8 of the Dungeon.
You worshipped Trog.
Trog was most pleased with you.
You visited 1 branch of the dungeon, and saw 8 of its levels.

You collected 324 gold pieces.
You spent 240 gold pieces at shops.

Inventory:

Hand Weapons
 c - a +4 hand axe of freezing
 p - a +2 heavy war axe (weapon)
 u - a +3 vampiric hand axe
Missiles
 y - 3 poisoned darts (quivered)
Armour
 k - a +1 pair of boots (worn)
 l - a +0 helmet (worn)
 m - a +0 buckler (worn)
 q - a +0 cloak (worn)
 z - a +1 plate armour of positive energy (worn)
Jewellery
 r - an amulet of faith
Wands
 n - a wand of polymorph (9)
 t - a wand of flame (22)
 x - a wand of acid (25)
 A - a wand of digging (6)
Scrolls
 f - 2 scrolls of teleportation
 s - a scroll of blinking
 v - a scroll of enchant weapon
 w - 2 scrolls of revelation
Potions
 a - 2 potions of lignification {unknown}
 b - 2 potions of haste
 d - a potion of invisibility
 e - a potion of cancellation {unknown}
 g - a potion of enlightenment {unknown}
 h - a potion of mutation {unknown}
 i - a potion of heal wounds {unknown}
 j - a potion of magic {unknown}
 o - a potion of curing {unknown}


   Skills:
 + Level 6.9 Fighting
 + Level 9.0 Axes
 + Level 7.1 Armour
 + Level 3.3 Dodging
 + Level 2.0 Stealth
 + Level 2.9 Shields


You had 8 spell levels left.
You didn't know any spells.
Your spell library was empty.

Dungeon Overview and Level Annotations

Branches:
Dungeon (8/15)             Temple (0/1) D:4
   Lair: D:8-11

Altars:
Fedhas
Okawaru
Ru
Sif Muna
Trog
Wu Jian
Xom

Shops:
D:1 [   D:5 *   D:7 *


Innate Abilities, Weirdness & Mutations

You are immune to sickness and miasma.
Your stone body is resilient. (AC +6)
You are immune to poison.
You resist negative energy. (rN+)
You are resistant to electric shocks. (rElec)
You are resistant to unholy torment.
You are immune to petrification.


Message History

The orc warrior shouts!
The orc hits you but does no damage.
You hit the orc.
The orc is severely wounded.
The orc closely misses you. x2
Unknown command.
You slash the orc!
You kill the orc!
Trog accepts your kill.
The orc warrior hits you but does no damage.
You slice the orc wizard!!
You kill the orc wizard!
Trog accepts your kill.
Trog appreciates your killing of a magic user.
The orc warrior closely misses you.
Unknown command.
You block the orc warrior's attack.
You slash the orc warrior!
The orc warrior is heavily wounded.
The orc warrior hits you but does no damage.
You hit the orc warrior.
The orc warrior is severely wounded.
The orc warrior completely misses you.
You hit the orc warrior.
The orc warrior is severely wounded.
The orc warrior hits you with a +2 heavy glaive!
You barely miss the orc warrior.
The orc warrior is severely wounded.
The orc warrior hits you with a +2 heavy glaive!
You hit the orc warrior but do no damage.
The orc warrior is severely wounded.
The orc warrior hits you with a +2 heavy glaive!!
* * * LOW HITPOINT WARNING * * *
You closely miss the orc warrior.
The orc warrior is severely wounded.
The orc warrior barely misses you.
You closely miss the orc warrior.
The orc warrior is severely wounded.
The orc warrior hits you with a +2 heavy glaive!
You die...

###### ......
......########
.^......##...##
..............##
.....(.........#
...............####
......o@......<....
......)....†.......
.........#<).......
...$..#..####......
........## .....#
..###.... ....# .
#.#.# #.#.# #....
.. # #...# ##


You could see an orc warrior.

Vanquished Creatures
  A two-headed ogre (D:8)
  Grinder (D:6)
  Sigmund (D:6)
  A water moccasin (D:6)
  Duvessa (D:6)
  An orc warrior (D:6)
  A sky beast (D:7)
  A black bear (D:3)
  2 ogres
  A centaur (D:6)
  2 bullfrogs
  6 wights
  Dowan (D:6)
  A howler monkey (D:3)
  5 electric eels
  A hound (D:4)
  2 jellies
  2 orc priests
  Crazy Yiuf (D:2)
  4 iguanas
  4 orc wizards
  A sleepcap (D:5)
  Natasha (thrice) (D:3)
  Ijyb (D:3)
  Robin (D:2)
  8 adders
  An ufetubus (D:7)
  2 worms
  A dart slug (D:4)
  22 orcs
  2 ball pythons
  2 bats (D:3)
  4 endoplasms
  4 giant cockroaches
  4 hobgoblins
  2 jackals (D:2)
  7 quokkas
  3 frilled lizards
  18 goblins
  7 kobolds
  11 rats
144 creatures vanquished.

Notes
Turn   | Place    | Note
-------+----------+-------------------------------------------
     0 | D:1      | Gargoyl the Gargoyle Berserker began the quest for the Orb.
     0 | D:1      | Reached XP level 1. HP: 14/14 MP: 1/1
    27 | D:1      | Found Oroxkyimusu's Antique Armour Shoppe.
    98 | D:1      | Reached XP level 2. HP: 10/19 MP: 2/2
   219 | D:1      | Reached skill level 3 in Axes
   568 | D:2      | Noticed Robin
   578 | D:2      | Reached XP level 3. HP: 24/24 MP: 3/3
   581 | D:2      | Killed Robin
   634 | D:2      | Reached ** piety under Trog
   635 | D:2      | Reached XP level 4. HP: 29/29 MP: 4/4
   977 | D:2      | Found a runed translucent door.
   978 | D:2      | Noticed Crazy Yiuf
  1478 | D:2      | Killed Crazy Yiuf
  1479 | D:2      | Reached XP level 5. HP: 33/33 MP: 5/5
  1514 | D:3      | Noticed Ijyb
  1523 | D:3      | Killed Ijyb
  1576 | D:3      | Identified the +0 quarterstaff of Equivalence {heavy, rPois
                  | rCorr Stlth+}
  1674 | D:3      | Noticed a black bear
  1675 | D:3      | Reached skill level 4 in Axes
  1689 | D:3      | Killed a black bear
  1689 | D:3      | Noticed Natasha
  1690 | D:3      | Reached skill level 1 in Stealth
  1690 | D:3      | Reached skill level 1 in Shields
  1690 | D:3      | Reached XP level 6. HP: 36/39 MP: 6/6
  1707 | D:3      | Killed Natasha
  1813 | D:3      | Noticed Natasha
  1819 | D:3      | Killed Natasha
  1820 | D:3      | Noticed Natasha
  1841 | D:3      | Killed Natasha
  1852 | D:3      | Found a transporter.
  1967 | D:3      | Found a transporter.
  2049 | D:3      | Reached XP level 7. HP: 38/44 MP: 7/7
  2066 | D:3      | Reached skill level 5 in Axes
  2164 | D:3      | You fall into a shaft and drop 1 floor!
  2299 | D:4      | Found a blossoming altar of Fedhas.
  2300 | D:4      | Found a shimmering altar of Xom.
  2300 | D:4      | Found a shimmering blue altar of Sif Muna.
  2300 | D:4      | Found a sacrificial altar of Ru.
  2772 | D:4      | Found a staircase to the Ecumenical Temple.
  2918 | D:5      | Entered Level 5 of the Dungeon
  2925 | D:5      | Identified the +3 ring mail of Huveisac {rF- rN++ Stlth+}
  2965 | D:5      | Reached skill level 5 in Fighting
  2997 | D:5      | Identified a scroll of acquirement
  2997 | D:5      | Acquired a +2 vampiric war axe
  3069 | D:5      | Found Din Ywne's Assorted Antiques.
  3078 | D:5      | Bought a runed hand axe for 126 gold pieces
  3078 | D:5      | Bought a scroll labelled QEFYOS PAFROCKONE for 21 gold
                  | pieces
  3085 | D:5      | Found an iron altar of Okawaru.
  3202 | D:5      | Reached skill level 5 in Armour
  3207 | D:5      | Reached *** piety under Trog
  3562 | D:5      | Noticed a moth of wrath
  3564 | D:5      | Found a bloodstained altar of Trog.
  3682 | D:6      | Reached XP level 8. HP: 49/49 MP: 8/8
  3695 | D:6      | Identified the orb "Ker Koas" {guile, MP+9}
  3709 | D:6      | Noticed Sigmund
  3726 | D:6      | Killed Sigmund
  3727 | D:6      | Reached skill level 6 in Axes
  3836 | D:6      | Noticed Dowan
  3837 | D:6      | Noticed Grinder
  3837 | D:6      | Noticed Duvessa
  3845 | D:6      | Killed Duvessa
  3849 | D:6      | Killed Dowan
  3851 | D:6      | Killed Grinder
  3852 | D:6      | Reached skill level 7 in Axes
  3902 | D:6      | Reached XP level 9. HP: 55/55 MP: 9/9
  4464 | D:7      | Reached skill level 8 in Axes
  4660 | D:7      | Found Geczezac's Assorted Antiques.
  4668 | D:7      | Bought a scroll of teleportation for 93 gold pieces
  4678 | D:7      | Found an ornate altar of the Wu Jian Council.
  5065 | D:8      | Noticed a two-headed ogre
  5072 | D:8      | Killed a two-headed ogre
  5073 | D:8      | Reached skill level 9 in Axes
  5131 | D:8      | Slain by an orc warrior

Illustrated notes

Levels and vault maps discovered:
D:1:      scummos_arrival_star, layout_rooms, serial_shops, shop
D:2:      layout_loops_corners, minmay_misc_feat_hallway,
          uniq_crazy_yiuf_cottage, uniq_robin
D:3:      gammafunk_steamed_eel, layout_basic, mainiacjoe_overflow_tiny_flanked,
          dk_noncrumbling_3, uniq_natasha, uniq_ijyb
D:4:      layout_cave_pools, chequers_temple_overflow_statue_of_worship,
          minmay_temple_entry_nine_rooms, nicolae_hexahallways, minivault_26
D:5:      layout_loops_ring, tgw_trog, nicolae_overflow_crystal_walls,
          serial_shops, shop
D:6:      layout_basic, chequers_serial_rivers_small_b,
          chequers_serial_rivers_marsh, lightli_minifort, uniq_sigmund,
          uniq_duvessa, uniq_grinder
D:7:      layout_gridville, mainiacjoe_overflow_cross_hatched, serial_shops,
          nicolae_diamond_shop, serial_park_tiny_pond
D:8:      layout_rooms, mainiacjoe_overflow_alcove_2, dpeg_oklobed_lair,
          st_stairs_2, uniq_erica

Skill      XL: |  1  2  3  4  5  6  7  8  9 |
---------------+----------------------------+-----
Axes           | 3 4 5 7 9 |  9.0
Fighting       | 4 5 6 |  6.9
Armour         | 4 5 6 7 |  7.1
Dodging        | 2 3 |  3.3
Stealth        | 1 2 |  2.0
Shields        | 1 2 |  2.9

Action                     |  1- 3 |  4- 6 |  7- 9 || total
---------------------------+-------+-------+-------++-------
  Melee: Hand axe          |    70 |   179 |    85 ||   334
         Punch             |     1 |       |       ||     1
         War axe           |       |       |   155 ||   155
 Invoke: Berserk           |     2 |     4 |     8 ||    14
         Trog's Hand       |       |     2 |     3 ||     5
    Use: Scroll            |       |       |    16 ||    16
 Armour: Animal skin       |    23 |       |       ||    23
         Scale mail        |    13 |   125 |    76 ||   214
         Plate armour      |       |       |    28 ||    28
  Dodge: Dodged            |    37 |   116 |    95 ||   248
  Block: Buckler           |       |    28 |    39 ||    67

Table legend: (Time is in decaauts)
 A = Elapsed time spent in this place.
 B = Non-inter-level travel time spent in this place.
 C = Inter-level travel time spent in this place.
 D = Time resting spent in this place.
 E = Time spent auto-exploring this place.
 F = Levels seen in this place.
 G = Mean time per level.
                   A        B        C        D        E       F      G
               +--------+--------+--------+--------+--------+-----+--------+
         Total |   5358 |   5246 |    112 |     45 |   3686 |   8 |  669.8 |
       Dungeon |   5358 |   5246 |    112 |     45 |   3686 |   8 |  669.8 |
               +--------+--------+--------+--------+--------+-----+--------+

Top non-repeatable levels by time:
     D:2: 1006 daAuts
     D:6: 800 daAuts
     D:5: 768 daAuts
     D:4: 767 daAuts
     D:7: 713 daAuts
     D:3: 712 daAuts
     D:1: 557 daAuts
     D:8: 33 daAuts
